 Dungeon Crawl Stone Soup version 0.31-a0-765-g67fe2935dc (webtiles) character file.

Game seed: 935148590846927328

431 randomguy2701 the Chopper (level 7, -3/61 HPs)
             Began as a Hill Orc Fighter on Sept 15, 2023.
             Slain by Pikel
             ... wielding a +2 whip of freezing
              (7 damage)
             ... on level 4 of the Dungeon.
             The game lasted 00:03:40 (2613 turns).

randomguy2701 the Chopper (Hill Orc Fighter)        Turns: 2613, Time: 00:03:40

Health: -3/61      AC: 13    Str: 19    XL:     7   Next: 0%
Magic:  0/7        EV:  5    Int:  8    God:
Gold:   126        SH:  5    Dex: 12    Spells: 6/6 levels left

rFire   . . .        a - +0 war axe
rCold   . . .        c - +0 buckler
rNeg    . . .        f - +0 plate armour
rPois   .            o - +0 helmet
rElec   .            (no cloak)
rCorr   .            (no gloves)
SInv    .            (no boots)
Will    +....        p - amulet of guardian spirit Stlth
                     m - ring of willpower
HPRegen 0.30/turn    (no ring)
MPRegen 0.10/turn

%: guardian spirit
@: mighty
A: no striking features
a: no special abilities


You were on level 4 of the Dungeon.
You visited 1 branch of the dungeon, and saw 4 of its levels.

You collected 126 gold pieces.

Inventory:

Hand Weapons
 a - a +0 war axe (weapon)
Armour
 c - a +0 buckler (worn)
 f - a +0 plate armour (worn)
 o - a +0 helmet (worn)
Jewellery
 m - a ring of willpower (left hand)
 p - an amulet of guardian spirit (around neck)
Wands
 n - a wand of polymorph (8)
Scrolls
 b - 2 scrolls of immolation {unknown}
 e - 3 scrolls of teleportation
 g - a scroll of identify
 h - 2 scrolls of noise {unknown}
 k - a scroll of blinking {unknown}
 l - a scroll of fog {unknown}
Potions
 i - 2 potions of ambrosia
 j - a potion of degeneration
 q - a potion of attraction
 r - a potion of enlightenment {unknown}


   Skills:
 + Level 5.2 Fighting
 + Level 6.9 Axes
 + Level 4.4 Armour
 + Level 4.3 Shields


You had 6 spell levels left.
You didn't know any spells.
Your spell library contained the following spells:

 Spells                   Type           Power      Damage    Failure   Level
 Volatile Blastmotes      Fire/Tloc      0%         2d10      100%        3
 Fulminant Prism          Conj/Hex       0%         3d5       100%        4
 Iskenderun's Mystic Bla  Conj/Tloc      0%         2d3       100%        4


Dungeon Overview and Level Annotations

Branches:
Dungeon (4/15)
 Temple: D:4-7

Altars:

Annotations:
D:4 Pikel


Message History

You barely miss Pikel. You barely miss the lemure. x2
The lemure barely misses you. The lemure hits you but does no damage.
Pikel hits you but does no damage.
Unknown command.
You barely miss Pikel.
You slash the lemure! x2; The lemure hits you.
The lemure hits you but does no damage.
Pikel hits you with a +2 whip of freezing.
Pikel freezes you. The lemure attacks as it pursues you! The lemure hits you.
The hobgoblin barely misses you.
You closely miss Pikel. You closely miss the lemure. You hit the hobgoblin.
You kill the hobgoblin!
You barely miss the lemure. The lemure hits you but does no damage.
Pikel hits you with a +2 whip of freezing!
Pikel freezes you. The lemure hits you.
You have reached level 7!
You slice Pikel!!
Pikel is heavily wounded.
You closely miss the lemure. You slash the lemure!
The lemure hits you but does no damage.
Pikel hits you with a +2 whip of freezing.
Pikel freezes you.
* * * LOW HITPOINT WARNING * * *
The lemure hits you but does no damage. You block Pikel's attack.
The lemure hits you!
* * * LOW HITPOINT WARNING * * *
The lemure barely misses you.
You closely miss Pikel.
Pikel is heavily wounded.
You barely miss the lemure. You slash the lemure! The lemure hits you.
* * * LOW HITPOINT WARNING * * *
Pikel hits you but does no damage. The lemure hits you.
* * * LOW HITPOINT WARNING * * *
Unknown command.
A wight comes into view. It is wielding a +0 war axe.
The lemure attacks as it pursues you! The lemure hits you but does no damage.
Pikel attacks as he pursues you!
Pikel hits you with a +2 whip of freezing!
You die...
Pikel says, "See you in Hell!"

# .. # z.
###.####### .#
#.....5..<##..#
.....o55K5..>.#
###.#####@#.....#
#......#......
#.#####.# .....
#.# ..... ...
...# #.# .g#. #.#
#.#


You could see Pikel, 4 lemures, a wight and an orc.

Vanquished Creatures
  Grinder (D:3)
  Terence (D:3)
  Natasha (thrice) (D:2)
  Robin (D:2)
  4 adders
  An ufetubus (D:2)
  2 dart slugs (D:2)
  An orc (D:2)
  3 ball pythons
  8 bats
  An endoplasm (D:1)
  A giant cockroach (D:1)
  17 goblins
  5 hobgoblins
  4 jackals (D:3)
  12 kobolds
  4 quokkas
  4 frilled lizards
  5 rats
  A spectral kobold (D:1)
79 creatures vanquished.

Notes
Turn   | Place    | Note
-------+----------+-------------------------------------------
     0 | D:1      | randomguy2701 the Hill Orc Fighter began the quest for the
                  | Orb.
     0 | D:1      | Reached XP level 1. HP: 19/19 MP: 1/1
   121 | D:1      | Reached XP level 2. HP: 27/27 MP: 2/2
   172 | D:1      | Found a faded altar of an unknown god.
   411 | D:1      | Reached skill level 3 in Axes
   732 | D:1      | Reached XP level 3. HP: 33/33 MP: 3/3
  1505 | D:2      | Reached skill level 4 in Axes
  1505 | D:2      | Reached XP level 4. HP: 40/40 MP: 4/4
  1597 | D:3      | Noticed Robin
  1604 | D:3      | Noticed Grinder
  1608 | D:3      | Noticed Natasha
  1615 | D:2      | Killed Robin
  1678 | D:2      | Killed Natasha
  1679 | D:2      | Reached skill level 5 in Axes
  1679 | D:2      | Reached XP level 5. HP: 37/46 MP: 5/5
  1797 | D:2      | Noticed Natasha
  1801 | D:2      | Killed Natasha
  1869 | D:2      | Noticed Natasha
  1884 | D:2      | Killed Natasha
  1975 | D:3      | Paralysed by Grinder for 4 turns
  1999 | D:3      | Killed Grinder
  2000 | D:3      | Reached skill level 5 in Fighting
  2000 | D:3      | Reached skill level 6 in Axes
  2000 | D:3      | Reached XP level 6. HP: 44/56 MP: 4/6
  2218 | D:3      | Noticed Terence
  2226 | D:3      | Killed Terence
  2601 | D:4      | Noticed Pikel
  2611 | D:4      | Reached XP level 7. HP: 23/61 MP: 2/7
  2612 | D:4      | HP: 3/61 [lemure[Pikel] (4)]
  2613 | D:4      | Slain by Pikel

Illustrated notes

Levels and vault maps discovered:
D:1:      orjb1_lava_funnel, layout_basic,
          dreamdust_ecumenical_altar_drowned_temple
D:2:      layout_basic
D:3:      layout_loops_ring, uniq_grinder, uniq_terence, uniq_natasha,
          uniq_robin
D:4:      cheibrodos_fertilizer, layout_loops_ring, gup_sewer_entry_glass,
          uniq_eustachio, uniq_pikel

Skill      XL: |  1  2  3  4  5 |
---------------+----------------+-----
Axes           | 3 4 5 6 |  6.9
Fighting       | 4 5 |  5.2
Shields        | 4 |  4.3
Armour         | 4 |  4.4

Action                     |  1- 3 |  4- 6 |  7- 9 || total
---------------------------+-------+-------+-------++-------
  Melee: War axe           |   110 |   101 |     2 ||   213
    Use: Scroll            |       |     4 |       ||     4
         Potion            |       |     1 |       ||     1
 Armour: Scale mail        |    10 |       |       ||    10
         Plate armour      |    92 |   113 |     9 ||   214
  Dodge: Dodged            |    26 |    29 |     1 ||    56
  Block: Buckler           |    35 |    26 |     1 ||    62

Table legend: (Time is in decaauts)
 A = Elapsed time spent in this place.
 B = Non-inter-level travel time spent in this place.
 C = Inter-level travel time spent in this place.
 D = Time resting spent in this place.
 E = Time spent auto-exploring this place.
 F = Levels seen in this place.
 G = Mean time per level.
                   A        B        C        D        E       F      G
               +--------+--------+--------+--------+--------+-----+--------+
         Total |   2691 |   2352 |    339 |     40 |   1794 |   4 |  672.8 |
       Dungeon |   2691 |   2352 |    339 |     40 |   1794 |   4 |  672.8 |
               +--------+--------+--------+--------+--------+-----+--------+

Top non-repeatable levels by time:
     D:2: 1204 daAuts
     D:1: 786 daAuts
     D:3: 688 daAuts
     D:4: 12 daAuts
